[Event "Titled Tuesday Blitz December 7 2021"]
[White "Papasimakopoulos, Alexandros"]
[Black "Devaev, Alexander"]
[WhiteFideId "4244125"]
[BlackFideId "4169395"]
[WhiteElo "2394"]
[BlackElo "2185"]
[Result "1-0"]
[Round "07"]
[TimeControl "180+1"]
[Date "2021.12.07"]
[WhiteClock "0:00:33"]
[BlackClock "0:00:01"]

1. d4 Nf6 2. c4 e6 3. Nc3 Bb4 4. Qc2 c5 5. dxc5 Na6 6. a3 Bxc3+ 7. Qxc3 Nxc5 8. f3 d6 9. e4 b6 10. Be3 Bb7 11. b4 Ncd7 12. Bd3 Rc8 13. Qb2 Qe7 14. Bd4 O-O 15. Ne2 Rc7 16. O-O Rfc8 17. Rac1 Ba6 18. b5 Bb7 19. a4 Nc5 20. Bc2 e5 21. Be3 Ne6 22. Bd3 Nc5 23. Bc2 Ne6 24. Bb3 Nd7 25. a5 Ndc5 26. a6 Ba8 27. Ba2 Nd3 28. Qd2 Nxc1 29. Rxc1 h6 30. Ng3 Nd4 31. Bxd4 exd4 32. Qxd4 Qe5 33. Rd1 g6 34. Qxd6 Qxd6 35. Rxd6 Kf8 36. Kf2 Ke7 37. Rd4 Rd8 38. Rxd8 Kxd8 39. Ke2 Ke7 40. Kd3 Kd6 41. Ne2 Kc5 42. Kc3 Rd7 43. Nc1 Rd1 44. Nd3+ Kd6 45. g3 Ra1 46. Bb3 Rh1 47. Kd4 f6 48. f4 Rxh2 49. e5+ fxe5+ 50. fxe5+ Ke7 51. c5 bxc5+ 52. Nxc5 g5 53. Ne6 Rb2 54. Bc4 Rc2 55. Nc7 Bh1 56. b6 axb6 57. Nd5+ Kd8 58. a7 Bxd5 59. Kxd5 1-0


[Site "https://www.chess.com"]

[Event "Titled Tuesday Blitz December 7 2021"]
[White "Paravyan, David"]
[Black "Nakamura, Hikaru"]
[WhiteFideId "4194985"]
[BlackFideId "2016192"]
[WhiteElo "3029"]
[BlackElo "3150"]
[Result "1/2-1/2"]
[Round "07"]
[TimeControl "180+1"]
[Date "2021.12.07"]
[WhiteClock "0:00:29"]
[BlackClock "0:00:32"]

1. e4 e5 2. Nf3 Nc6 3. Nc3 Nf6 4. d4 exd4 5. Nxd4 Bb4 6. Nxc6 bxc6 7. Bd3 O-O 8. O-O d5 9. exd5 cxd5 10. Bg5 c6 11. Qf3 Rb8 12. h3 Bd6 13. b3 Be5 14. Bf4 Qd6 15. Bxe5 Qxe5 16. Na4 Be6 17. Rad1 Qd6 18. Qe3 d4 19. Qg5 Bd5 20. c3 h6 21. Qh4 dxc3 22. Nxc3 Rb4 23. Qg3 Qxg3 24. fxg3 Be6 25. Na4 Nd7 26. Rc1 Bd5 27. Rfe1 g6 28. Re7 Rd8 29. Rce1 Kf8 30. R7e3 c5 31. Rc1 Rc8 32. Bf1 Be6 33. Rec3 a5 34. Nxc5 Nxc5 35. Rxc5 Rxc5 36. Rxc5 a4 37. Bc4 axb3 38. axb3 Bxc4 39. bxc4 Rb2 40. g4 Rc2 41. Rc7 Kg7 42. Kh2 Rc3 43. c5 Kf6 44. c6 Ke6 45. h4 g5 46. h5 Kd6 47. Rxf7 Rxc6 48. Rf6+ Kd5 49. Rg6 Rxg6 50. hxg6 Ke6 51. Kg3 Kf6 52. Kf3 Kxg6 53. Ke4 Kf6 54. Kd5 Kf7 55. Ke5 Ke7 56. Kf5 Kf7 57. g3 Kg7 58. Ke5 Kg6 59. Ke6 h5 60. gxh5+ Kxh5 61. Kf5 g4 62. Kf4 Kh6 63. Kxg4 Kg6 64. Kf4 Kf6 65. g4 Kg6 66. g5 Kg7 67. Ke3 Kg6 68. Kd2 Kxg5 1/2-1/2


[Site "https://www.chess.com"]

[Event "Titled Tuesday Blitz December 7 2021"]
[White "Perez Gormaz, Matias"]
[Black "Seletsky, Grigory"]
[WhiteFideId "3406342"]
[BlackFideId "14112191"]
[WhiteElo "2352"]
[BlackElo "2492"]
[Result "1-0"]
[Round "07"]
[TimeControl "180+1"]
[Date "2021.12.07"]
[WhiteClock "0:00:04"]
[BlackClock "0:00:11"]

1. e4 e6 2. d4 d5 3. Nc3 Nc6 4. Nf3 Nf6 5. Bd3 Nb4 6. O-O Be7 7. Bg5 O-O 8. Bxf6 Bxf6 9. Be2 dxe4 10. Nxe4 b6 11. c3 Nd5 12. Re1 Bb7 13. Bd3 Nf4 14. Bc2 Re8 15. Qd2 Ng6 16. Rad1 Rc8 17. Ba4 Rf8 18. g3 Be7 19. h4 Qd5 20. Bb3 Qf5 21. Qe2 Rfd8 22. Neg5 Bxg5 23. Nxg5 Nf8 24. Bc2 Qf6 25. Be4 Bd5 26. Bxd5 Rxd5 27. Qf3 Rcd8 28. Qxf6 gxf6 29. Ne4 Kg7 30. Rc1 f5 31. Ng5 h6 32. Nf3 Ng6 33. c4 R5d7 34. h5 Nf8 35. c5 Nh7 36. Kg2 Nf6 37. Rh1 Rd5 38. b4 f4 39. gxf4 Rxh5 40. Rxh5 Nxh5 41. cxb6 cxb6 42. Rc7 Nxf4+ 43. Kg3 Ne2+ 44. Kg4 Nxd4 45. Ne5 Nf5 46. Rxf7+ Kg8 47. Rxa7 Rd4+ 48. f4 Rxb4 49. Rb7 Ra4 50. Kh5 Rxf4 51. Kg6 Rg4+ 52. Nxg4 1-0


[Site "https://www.chess.com"]

[Event "Titled Tuesday Blitz December 7 2021"]
[White "Perrine, Dalton"]
[Black "Halkias, Stelios"]
[WhiteFideId "2048434"]
[BlackFideId "4201809"]
[WhiteElo "2451"]
[BlackElo "2575"]
[Result "0-1"]
[Round "07"]
[TimeControl "180+1"]
[Date "2021.12.07"]
[WhiteClock "0:00:02"]
[BlackClock "0:00:18"]

1. e4 c5 2. Nf3 d6 3. Bb5+ Nd7 4. Ba4 Nf6 5. O-O g6 6. Re1 a6 7. c4 Bg7 8. Nc3 O-O 9. h3 Ne5 10. Nxe5 dxe5 11. d3 b6 12. Be3 Bb7 13. Rb1 a5 14. a3 Qc8 15. b4 axb4 16. axb4 Rd8 17. bxc5 bxc5 18. Bxc5 Qxc5 19. Rxb7 e6 20. Nb5 Nh5 21. Bc2 Nf4 22. Qb1 Rab8 23. Rxb8 Rxb8 24. Qa2 Rd8 25. Re3 Bf8 26. Kh2 Qb6 27. g3 Nh5 28. Kg2 Bc5 29. Re2 Kg7 30. Qa1 Qb8 31. f4 f6 32. fxe5 fxe5 33. Qa6 Re8 34. Qc6 Bd4 35. Nxd4 exd4 36. Qd7+ Kh8 37. e5 Qa8+ 0-1


[Site "https://www.chess.com"]

[Event "Titled Tuesday Blitz December 7 2021"]
[White "Pham, Le Thao Nguyen"]
[Black "Matveeva, Olga"]
[WhiteFideId "12401226"]
[BlackFideId "24107018"]
[WhiteElo "2286"]
[BlackElo "2083"]
[Result "1-0"]
[Round "07"]
[TimeControl "180+1"]
[Date "2021.12.07"]
[WhiteClock "0:00:09"]
[BlackClock "0:00:05"]

1. Nf3 d5 2. d4 e6 3. c4 Nf6 4. Nc3 Be7 5. Bf4 O-O 6. e3 Nbd7 7. Qc2 c5 8. dxc5 Nxc5 9. Rd1 b6 10. cxd5 exd5 11. Be2 Bb7 12. O-O Rc8 13. Qb1 Nh5 14. Be5 g6 15. Nd4 Ng7 16. Bf3 Re8 17. Ndb5 a6 18. Bxd5 axb5 19. Bxb7 Nxb7 20. Rxd8 Rexd8 21. Nxb5 Nc5 22. Na7 Ra8 23. Nc6 Rd7 24. Nxe7+ Rxe7 25. Bc3 Nge6 26. h3 f5 27. Rd1 Ne4 28. Bb4 Rc7 29. a3 Kf7 30. Qd3 Rac8 31. f3 Nf6 32. Bc3 Nd7 33. Qd6 h5 34. e4 f4 35. Qb4 Ke8 36. Rd6 Kf7 37. Qb3 Nc5 38. Qd5 Ke7 39. Qe5 Kf7 40. Qf6+ Ke8 41. Rxe6+ Nxe6 42. Qxe6+ Kd8 43. Qxg6 Rd7 44. Qf6+ Kc7 45. Qe6 Rd1+ 46. Kh2 Rcd8 47. Qe5+ Kb7 48. Qxf4 R8d7 49. e5 R1d3 50. Qe4+ R3d5 51. e6 1-0


[Site "https://www.chess.com"]

[Event "Titled Tuesday Blitz December 7 2021"]
[White "Piesik, Piotr"]
[Black "Djordjevic, Vuk"]
[WhiteFideId "1136194"]
[BlackFideId "902098"]
[WhiteElo "2336"]
[BlackElo "2463"]
[Result "1-0"]
[Round "07"]
[TimeControl "180+1"]
[Date "2021.12.07"]
[WhiteClock "0:00:31"]
[BlackClock "0:00:01"]

1. Nf3 Nf6 2. g3 d5 3. Bg2 e6 4. O-O b5 5. d3 a5 6. Nbd2 c5 7. e4 Be7 8. Qe2 Nc6 9. c3 O-O 10. e5 Nd7 11. h4 Ba6 12. Re1 b4 13. c4 a4 14. cxd5 exd5 15. e6 Nb6 16. exf7+ Rxf7 17. Ne5 Nxe5 18. Qxe5 Bxd3 19. Nf3 Nc4 20. Qe6 Bf5 21. Qc6 Rf6 22. Qb7 Bf8 23. Bg5 Na5 24. Qb5 Nc4 25. Ne5 Be6 26. Nxc4 Rb8 27. Qc6 Bf7 28. Bxf6 Qxf6 29. Qxf6 gxf6 30. Ne3 d4 31. Nd5 Rd8 32. Nxf6+ Kg7 33. Ne4 c4 34. Ng5 c3 35. bxc3 bxc3 36. Nxf7 Kxf7 37. Be4 d3 38. Bxd3 Rxd3 39. Re3 Rxe3 40. fxe3 Ke6 41. Kf2 Kd5 42. Ke2 Kc4 43. Rc1 Ba3 44. Rc2 Bd6 45. g4 Bg3 46. h5 h6 47. Kf3 Bh4 48. Ke4 Bg5 49. Rc1 Be7 50. Rc2 Bg5 51. Rf2 Be7 52. Rf7 Bc5 53. Rf2 Ba3 54. g5 hxg5 55. h6 Bb2 56. Rc2 Kb4 1-0


[Site "https://www.chess.com"]

[Event "Titled Tuesday Blitz December 7 2021"]
[White "Postnikov, Daniil"]
[Black "Brunner, Nicolas"]
[WhiteFideId "4166329"]
[BlackFideId "620246"]
[WhiteElo "2261"]
[BlackElo "2372"]
[Result "0-1"]
[Round "07"]
[TimeControl "180+1"]
[Date "2021.12.07"]
[WhiteClock "0:00:22"]
[BlackClock "0:00:10"]

1. e4 e5 2. Nf3 Nc6 3. Nc3 Nf6 4. Bb5 Bd6 5. a3 O-O 6. d3 Ne7 7. Bg5 c6 8. Bxf6 gxf6 9. Bc4 Bc7 10. Ba2 d5 11. h3 Be6 12. O-O Kh8 13. d4 dxe4 14. Nxe4 Ng6 15. Bxe6 fxe6 16. dxe5 Nxe5 17. Nxe5 Bxe5 18. c3 Qe7 19. Qe2 Rad8 20. f4 Bc7 21. Rae1 Rg8 22. Qh5 Qg7 23. Re2 Qg6 24. Qh4 Rgf8 25. Kh1 Bb6 26. Ng3 f5 27. Rfe1 Rg8 28. Nh5 Rd6 29. Qf6+ Qxf6 30. Nxf6 Rg6 31. Ne8 Rd8 32. Rxe6 Bf2 33. Rxg6 hxg6 34. Re2 Bg3 0-1


[Site "https://www.chess.com"]

[Event "Titled Tuesday Blitz December 7 2021"]
[White "Pranav, V"]
[Black "Obolenskikh, Dmitry"]
[WhiteFideId "25060783"]
[BlackFideId "4156013"]
[WhiteElo "2991"]
[BlackElo "2803"]
[Result "1/2-1/2"]
[Round "07"]
[TimeControl "180+1"]
[Date "2021.12.07"]
[WhiteClock "0:00:12"]
[BlackClock "0:00:34"]

1. e4 e5 2. Nf3 Nc6 3. Bb5 a6 4. Ba4 Nf6 5. O-O Be7 6. Re1 b5 7. Bb3 d6 8. c3 O-O 9. h3 Nb8 10. d4 Nbd7 11. Nbd2 Bb7 12. Bc2 Re8 13. Nf1 Bf8 14. Ng3 g6 15. a4 c5 16. Bg5 h6 17. Bc1 Bg7 18. d5 c4 19. Be3 Qc7 20. Qd2 Kh7 21. Nh4 Nc5 22. axb5 axb5 23. Kh2 Rxa1 24. Rxa1 Ra8 25. Rxa8 Bxa8 26. f4 exf4 27. Bxf4 Nfd7 28. Ngf5 gxf5 29. Nxf5 Ne5 30. Bxh6 Bf6 31. Bf8 Kg8 32. Bxd6 Qc8 33. Qh6 Ncd7 34. Qxf6 Nxf6 35. Ne7+ Kg7 36. Nxc8 Nd3 37. Bc7 Nxe4 38. d6 Bc6 39. Nb6 Nec5 40. Bd8 Nxb2 41. Bg5 Nba4 42. Be3 Ne6 43. Bxa4 bxa4 44. Nxc4 Bd5 45. Na3 Kf6 46. g4 Ke5 47. c4 Bc6 48. c5 Ke4 49. Bf2 Kd3 50. h4 Kc3 51. h5 Kb3 52. h6 Nf8 53. Nb1 Kc2 54. Na3+ Kb3 55. Nb1 Kc2 56. Na3+ Kb3 1/2-1/2


[Site "https://www.chess.com"]

[Event "Titled Tuesday Blitz December 7 2021"]
[White "Preotu, Razvan"]
[Black "Svane, Rasmus"]
[WhiteFideId "2613280"]
[BlackFideId "4657101"]
[WhiteElo "2788"]
[BlackElo "2942"]
[Result "1/2-1/2"]
[Round "07"]
[TimeControl "180+1"]
[Date "2021.12.07"]
[WhiteClock "0:00:04"]
[BlackClock "0:00:03"]

1. e4 c6 2. Nc3 d5 3. Nf3 dxe4 4. Nxe4 Nf6 5. Qe2 Nxe4 6. Qxe4 Qa5 7. b4 Qd5 8. Qe3 Bf5 9. c4 Qe4 10. Bb2 e6 11. a3 a5 12. Be2 Qxe3 13. fxe3 axb4 14. axb4 Rxa1+ 15. Bxa1 Bxb4 16. Bxg7 Rg8 17. Be5 Nd7 18. Bg3 Nc5 19. O-O Ne4 20. Be1 Bh3 21. Nh4 Nxd2 22. Rf6 Be7 23. Rh6 Bxh4 24. g3 Bg4 25. Bxg4 Bg5 26. Rxe6+ fxe6 27. Bh5+ Kd7 28. Bxd2 Ra8 29. Kf2 Ra4 30. h4 Be7 31. Be2 Bb4 32. Bxb4 Rxb4 33. g4 Ke7 34. g5 b5 35. cxb5 cxb5 36. h5 Rb1 37. Bd3 Rb2+ 38. Kf3 h6 39. gxh6 Kf6 40. Ke4 b4 41. Kd4 Rh2 42. Kc4 Rxh5 43. h7 Kg7 44. Kxb4 Rh3 45. Kc4 Rxe3 46. Kd4 Re1 47. Be4 Re2 48. Ke5 Re3 49. Kd4 Re1 50. Ke5 Re2 51. Kd4 Rh2 52. Ke5 Rh6 53. Bd3 Kf7 54. Be4 Rh5+ 55. Kd6 Kf6 56. Bd3 Rh3 57. Be4 Rh4 58. Bd3 e5 59. Kd5 Rd4+ 60. Kc5 Rd8 61. Be4 Kg7 62. Bf5 Rd4 63. Kc6 Rh4 64. Kc5 Kf6 65. Bd3 Rh3 66. Be4 Ke6 67. Bg6 Rh6 68. Be4 Kf6 69. Kd5 Rh2 70. Bd3 Rh3 71. Kc4 Kg5 72. Be4 Kf4 73. Kd5 Rh6 74. Bd3 Rh5 75. Be4 Rh2 76. Bg6 Kg5 77. Be4 Kf6 78. Bd3 Rd2 79. Kc4 Rh2 80. Be4 Rh4 81. Kd5 Rh5 82. Bd3 Rh3 83. Be4 Rh2 1/2-1/2


[Site "https://www.chess.com"]

[Event "Titled Tuesday Blitz December 7 2021"]
[White "Rozman, Levy"]
[Black "Erdogdu, Mert"]
[WhiteFideId "2039877"]
[BlackFideId "6301495"]
[WhiteElo "2376"]
[BlackElo "2485"]
[Result "1/2-1/2"]
[Round "07"]
[TimeControl "180+1"]
[Date "2021.12.07"]
[WhiteClock "0:00:03"]
[BlackClock "0:00:24"]

1. d4 d5 2. c4 e6 3. Nf3 c5 4. e3 Nf6 5. Nc3 a6 6. dxc5 Bxc5 7. cxd5 exd5 8. Be2 O-O 9. O-O Nc6 10. b3 d4 11. Na4 Ba7 12. exd4 Nxd4 13. Be3 Nxe2+ 14. Qxe2 Re8 15. Qd2 Qxd2 16. Bxd2 Bd7 17. Nc3 Bc6 18. Rfe1 Rad8 19. Rxe8+ Rxe8 20. Re1 Rxe1+ 21. Nxe1 Ne4 22. Nxe4 Bxe4 23. Kf1 f6 24. Ke2 Bb1 25. a3 Ba2 26. b4 Bc4+ 27. Kf3 Kf7 28. Be3 Bb8 29. Bf4 Bxf4 30. Kxf4 Ke6 31. Ke4 Kd6 32. Kd4 Bf1 33. g3 g5 34. Nc2 Kc6 35. Ne3 Be2 36. Nd5 h6 37. f4 Bf1 38. Nxf6 gxf4 39. gxf4 Kb5 40. Nd5 Ka4 41. f5 Bh3 42. Ke5 Bg4 43. f6 Bh5 44. Ke6 Kxa3 45. f7 Bxf7+ 46. Kxf7 b6 47. Ke6 Kb3 48. Nxb6 Kxb4 49. Nd5+ Kc4 50. Ke5 a5 51. h4 Kc5 52. h5 a4 53. Nc3 a3 54. Na2 Kc4 55. Kf6 Kb3 56. Nc1+ Kb2 57. Nd3+ Kc2 58. Nb4+ Kb3 59. Nd3 Kc3 60. Nc1 Kb2 61. Nd3+ Kc3 62. Nc1 Kc2 63. Na2 Kb2 64. Nb4 Kb3 65. Nd3 Kc3 1/2-1/2


[Site "https://www.chess.com"]

[Event "Titled Tuesday Blitz December 7 2021"]
[White "Sadykov, Ramil"]
[Black "Popadic, Dragan"]
[WhiteFideId "24113590"]
[BlackFideId "913650"]
[WhiteElo "2300"]
[BlackElo "2177"]
[Result "1-0"]
[Round "07"]
[TimeControl "180+1"]
[Date "2021.12.07"]
[WhiteClock "0:00:06"]
[BlackClock "0:00:47"]

1. e4 c5 2. Nc3 Nc6 3. g3 g6 4. Bg2 Bg7 5. d3 d6 6. Be3 Rb8 7. Qd2 b5 8. a3 a5 9. Nge2 b4 10. axb4 axb4 11. Nd1 Nd4 12. O-O e6 13. f4 Ne7 14. g4 f5 15. exf5 gxf5 16. g5 O-O 17. Ng3 Ng6 18. Nh5 Bh8 19. Qf2 Bb7 20. c3 bxc3 21. bxc3 Bxg2 22. Qxg2 Nb5 23. Bd2 Ra8 24. Rb1 Nc7 25. Re1 Rb8 26. Ra1 Qd7 27. Ra7 Ra8 28. Rxa8 Rxa8 29. Ne3 Ra2 30. Rb1 Nh4 31. Rb8+ Kf7 32. Qf2 Rxd2 33. Qxh4 Qa4 34. Rxh8 Qa1+ 35. Nf1 Qxc3 36. Rxh7+ Ke8 37. Nf6+ Kd8 38. Rh8+ Ne8 39. Rxe8+ Kc7 40. Qh7+ Kb6 41. Rb8+ Ka5 42. Qa7# 1-0


[Site "https://www.chess.com"]

[Event "Titled Tuesday Blitz December 7 2021"]
[White "Sarana, Alexey"]
[Black "Vlassov, Nikolai"]
[WhiteFideId "24133795"]
[BlackFideId "4103360"]
[WhiteElo "2672"]
[BlackElo "2407"]
[Result "1-0"]
[Round "07"]
[TimeControl "180+1"]
[Date "2021.12.07"]
[WhiteClock "0:00:39"]
[BlackClock "0:00:23"]

1. d4 Nf6 2. c4 Nc6 3. Nf3 e6 4. e3 Bb4+ 5. Nbd2 a5 6. Bd3 d6 7. O-O e5 8. Qc2 Bg4 9. dxe5 dxe5 10. a3 Bc5 11. Ng5 h6 12. Nde4 Nxe4 13. Nxe4 Be7 14. Ng3 O-O 15. Bd2 Qd7 16. Bc3 f6 17. Nf5 Bc5 18. h3 Bh5 19. Be4 Kh8 20. Nh4 Ne7 21. b4 Ba7 22. c5 c6 23. g4 Bf7 24. Rad1 Qe6 25. Rd6 Qc8 26. Rfd1 Nd5 27. R1xd5 cxd5 28. Bxd5 axb4 29. axb4 Bxc5 30. bxc5 Qxc5 31. Rd7 Be8 32. Ng6+ Bxg6 33. Qxg6 Rg8 34. Be4 1-0


[Site "https://www.chess.com"]

[Event "Titled Tuesday Blitz December 7 2021"]
[White "Saydaliev, Saidakbar"]
[Black "Adewumi, Tanitoluwa"]
[WhiteFideId "14203693"]
[BlackFideId "30966396"]
[WhiteElo "2279"]
[BlackElo "2566"]
[Result "1-0"]
[Round "07"]
[TimeControl "180+1"]
[Date "2021.12.07"]
[WhiteClock "0:02:01"]
[BlackClock "0:01:04"]

1. d4 Nf6 2. c4 g6 3. Nf3 Bg7 4. g3 O-O 5. Bg2 d6 6. Nc3 Nc6 7. O-O e5 8. dxe5 dxe5 9. Bg5 Be6 10. Qa4 h6 11. Bxf6 Bxf6 12. Rfd1 Qe7 13. Nd5 Bxd5 14. cxd5 Nd4 15. Nxd4 exd4 16. Bf3 Rfd8 17. Rac1 Qd6 18. Qb5 Rab8 19. h4 a6 20. Qd3 Kg7 21. h5 Be5 22. Rc4 Qd7 23. Rdc1 c5 24. dxc6 bxc6 25. hxg6 fxg6 26. Rxc6 Bf6 27. Rc7 Qxc7 28. Rxc7+ Rd7 29. Rxd7+ Be7 30. Rxe7+ Kf6 31. Qe4 1-0


[Site "https://www.chess.com"]

[Event "Titled Tuesday Blitz December 7 2021"]
[White "Shipov, Sergei"]
[Black "Alinasab, Mobina"]
[WhiteFideId "4113624"]
[BlackFideId "12528897"]
[WhiteElo "2753"]
[BlackElo "2061"]
[Result "0-1"]
[Round "07"]
[TimeControl "180+1"]
[Date "2021.12.07"]
[WhiteClock "0:00:38"]
[BlackClock "0:00:19"]

1. d4 d5 2. c4 e6 3. Nc3 c5 4. cxd5 exd5 5. Nf3 Nf6 6. g3 Nc6 7. Bg2 cxd4 8. Nxd4 Bc5 9. Nb3 Bb6 10. Na4 d4 11. Bxc6+ bxc6 12. Nxb6 axb6 13. Qxd4 O-O 14. Qxd8 Rxd8 15. f3 Be6 16. Nd2 Nd5 17. Kf2 Nb4 18. b3 Nxa2 19. Nc4 b5 20. Ne5 Rdc8 21. Bd2 Bxb3 22. Rhb1 Be6 23. Rb2 f6 24. Nd3 Bc4 25. Nc5 Kf7 26. e4 Ra3 27. Bb4 Ra7 28. Bd2 Rca8 29. g4 Ra3 30. h4 Nc3 31. Rxa3 Rxa3 32. Rc2 Na4 33. Bf4 Nxc5 0-1


[Site "https://www.chess.com"]

[Event "Titled Tuesday Blitz December 7 2021"]
[White "Shkapenko, Pavel"]
[Black "Lin, Dachey"]
[WhiteFideId "4151933"]
[BlackFideId "2029650"]
[WhiteElo "2386"]
[BlackElo "2597"]
[Result "1-0"]
[Round "07"]
[TimeControl "180+1"]
[Date "2021.12.07"]
[WhiteClock "0:00:08"]
[BlackClock "0:00:01"]

1. e4 d5 2. exd5 Qxd5 3. Nf3 Bg4 4. Be2 Nf6 5. d4 e6 6. O-O Be7 7. c4 Qd8 8. h3 Bh5 9. Nc3 O-O 10. Be3 Nbd7 11. Qb3 Qc8 12. Rac1 Rd8 13. g4 Bg6 14. Ne5 Nxe5 15. dxe5 Nd7 16. f4 Bc5 17. Na4 Bxe3+ 18. Qxe3 Nb8 19. Qf2 Rd2 20. Qe3 Rd8 21. Nc5 Nc6 22. Bf3 Rb8 23. Bg2 Ne7 24. Nb3 b6 25. Rcd1 Qa6 26. Qc3 c5 27. a3 Qa4 28. Rd6 a6 29. Rfd1 Rdc8 30. Rd7 Kf8 31. R1d6 b5 32. Qd2 Re8 33. Nxc5 Qxc4 34. b4 a5 35. Rd8 Rbxd8 36. Rxd8 f6 37. Bf1 Qc2 38. Rxe8+ Kxe8 39. Qd7+ Kf7 40. Qxe6+ Kf8 41. exf6 gxf6 42. Nd7+ Ke8 43. Nxf6+ Kf8 44. Nd7+ Ke8 45. f5 Bf7 46. Nf6+ Kf8 47. Qe5 h6 48. bxa5 Nc6 49. Nd7+ Kg8 50. Nf6+ Kf8 51. Qd6+ Kg7 52. Nd7 Qc3 53. Qc5 Qf3 54. Qf2 1-0


[Site "https://www.chess.com"]

[Event "Titled Tuesday Blitz December 7 2021"]
[White "Shyaamnikhil P"]
[Black "Daniel, Damian"]
[WhiteFideId "5024218"]
[BlackFideId "1183621"]
[WhiteElo "2300"]
[BlackElo "2055"]
[Result "1-0"]
[Round "07"]
[TimeControl "180+1"]
[Date "2021.12.07"]
[WhiteClock "0:01:10"]
[BlackClock "0:00:19"]

1. e3 c5 2. c4 Nf6 3. Nc3 Nc6 4. Nf3 g6 5. d4 cxd4 6. exd4 d5 7. cxd5 Nxd5 8. Qb3 Nxc3 9. Bc4 Nd5 10. Bxd5 e6 11. Bxc6+ bxc6 12. O-O Qd5 13. Qc3 f6 14. Bf4 h5 15. Rac1 g5 16. Bd2 Bb7 17. Rfe1 Kf7 18. Bxg5 fxg5 19. Re5 Qd7 20. Nxg5+ Kg8 21. Rxe6 Rh6 22. Qb3 Rxe6 23. Nxe6 Kh8 24. d5 cxd5 25. Qc3+ d4 26. Qh3 Qd5 27. Nf4 Qg5 28. g3 Re8 29. Qd7 Qe7 30. Ng6+ Kg8 31. Nxe7+ Rxe7 32. Qxd4 Bg7 33. Qd8+ Bf8 34. Qxe7 Bxe7 35. Rc7 1-0


[Site "https://www.chess.com"]

[Event "Titled Tuesday Blitz December 7 2021"]
[White "Silva, Miguel Antonio Neto"]
[Black "Harris, Ian"]
[WhiteFideId "1911929"]
[BlackFideId "2020092"]
[WhiteElo "2204"]
[BlackElo "2348"]
[Result "1-0"]
[Round "07"]
[TimeControl "180+1"]
[Date "2021.12.07"]
[WhiteClock "0:01:15"]
[BlackClock "0:00:03"]

1. d4 d5 2. c4 c6 3. Nf3 Bf5 4. Qb3 Qb6 5. cxd5 Qxb3 6. axb3 cxd5 7. Nc3 e6 8. Nb5 Na6 9. Bd2 Rc8 10. e3 Rc2 11. Nxa7 Rxb2 12. Bb5+ Kd8 13. Ba5+ Nc7 14. Ba4 Bd6 15. Nb5 Ke7 16. Nxc7 1-0


[Site "https://www.chess.com"]

[Event "Titled Tuesday Blitz December 7 2021"]
[White "Sokolin, Leonid"]
[Black "Gelman, Alexander"]
[WhiteFideId "2009161"]
[BlackFideId "4118316"]
[WhiteElo "2394"]
[BlackElo "2375"]
[Result "0-1"]
[Round "07"]
[TimeControl "180+1"]
[Date "2021.12.07"]
[WhiteClock "0:00:21"]
[BlackClock "0:00:20"]

1. e4 c5 2. Nf3 e6 3. d4 cxd4 4. Nxd4 d6 5. c4 a6 6. Nc3 Nf6 7. Be2 b6 8. O-O Bb7 9. Qc2 Nbd7 10. Rd1 Rc8 11. f4 Qc7 12. f5 e5 13. Nb3 Be7 14. a4 O-O 15. Be3 h6 16. Rac1 Qb8 17. Bf2 b5 18. Na5 bxc4 19. Bxc4 Ba8 20. Bxa6 Rc5 21. Bb5 Bxe4 22. Qe2 Qa8 23. Bxc5 Nxc5 24. Nxe4 Ncxe4 25. Nc6 Bd8 26. Rxd6 Bb6+ 27. Kf1 Nxd6 28. Qxe5 Nde4 29. Ne7+ Kh8 30. Rd1 Qa5 31. Qf4 Qb4 32. Nd5 Qc5 33. Nxf6 Qg1+ 34. Ke2 Qxg2+ 35. Kd3 Nxf6 36. Rd2 Rd8+ 0-1


[Site "https://www.chess.com"]

[Event "Titled Tuesday Blitz December 7 2021"]
[White "Solon, Nathan"]
[Black "Demchenko, Anton"]
[WhiteFideId "2017229"]
[BlackFideId "4160258"]
[WhiteElo "2567"]
[BlackElo "2531"]
[Result "0-1"]
[Round "07"]
[TimeControl "180+1"]
[Date "2021.12.07"]
[WhiteClock "0:00:32"]
[BlackClock "0:01:02"]

1. d4 Nf6 2. c4 d6 3. Nf3 Nc6 4. Nc3 e5 5. dxe5 dxe5 6. Qxd8+ Kxd8 7. Bg5 Be6 8. O-O-O Kc8 9. Nd5 Nd7 10. Be3 f6 11. g3 a5 12. Bg2 Nc5 13. Nd2 a4 14. Ne4 Nxe4 15. Bxe4 a3 16. b3 Ra5 17. Bd2 Ra6 18. e3 f5 19. Bg2 g6 20. Bc3 Bg7 21. Kc2 Re8 22. b4 Ra8 23. h4 Ne7 24. h5 g5 25. h6 Bh8 26. f4 Nxd5 27. cxd5 Bd7 28. Rh5 Ba4+ 29. Kc1 Bxd1 30. Kxd1 exf4 31. Bxh8 Rxh8 32. gxf4 gxf4 33. exf4 Ra4 34. Rxf5 Rxb4 35. Rf7 Rb1+ 36. Ke2 Rb2+ 37. Kf3 Rxa2 38. Bh3+ Kb8 0-1


[Site "https://www.chess.com"]

[Event "Titled Tuesday Blitz December 7 2021"]
[White "Starozhilov, Leonid"]
[Black "Kalogeris, Ioannis"]
[WhiteFideId "14106752"]
[BlackFideId "4239563"]
[WhiteElo "2414"]
[BlackElo "2287"]
[Result "0-1"]
[Round "07"]
[TimeControl "180+1"]
[Date "2021.12.07"]
[WhiteClock "0:00:03"]
[BlackClock "0:00:10"]

1. e4 e5 2. Nf3 Nc6 3. Bb5 a6 4. Ba4 b5 5. Bb3 Nf6 6. d3 Bc5 7. Nc3 h6 8. a3 d6 9. Be3 Bxe3 10. fxe3 Ne7 11. d4 O-O 12. dxe5 Ng4 13. exd6 cxd6 14. h3 Nxe3 15. Qe2 Qb6 16. Kd2 Nc4+ 17. Bxc4 bxc4 18. Qxc4 Be6 19. Qd4 Qc7 20. Rhd1 Nc6 21. Qe3 Na5 22. b3 Rac8 23. Nd4 Qc5 24. Rf1 Qe5 25. Rf3 Rc7 26. Nxe6 fxe6 27. Rxf8+ Kxf8 28. Rf1+ Kg8 29. Ne2 Qb2 30. Rc1 Qxa3 31. Nd4 Qb4+ 32. c3 Nxb3+ 33. Ke1 Qc4 34. Nxb3 Qxb3 35. Qd4 Rf7 36. Ke2 Qb2+ 37. Qd2 Rf2+ 38. Kxf2 Qxd2+ 0-1


[Site "https://www.chess.com"]

[Event "Titled Tuesday Blitz December 7 2021"]
[White "Stepanencu, Nicodim-Cosmin"]
[Black "Narayanan, Srinath"]
[WhiteFideId "1256220"]
[BlackFideId "5018420"]
[WhiteElo "1704"]
[BlackElo "2472"]
[Result "0-1"]
[Round "07"]
[TimeControl "180+1"]
[Date "2021.12.07"]
[WhiteClock "0:00:02"]
[BlackClock "0:00:06"]

1. e4 c6 2. d4 d5 3. e5 c5 4. dxc5 e6 5. a3 Bxc5 6. Nf3 Ne7 7. b4 Bb6 8. Bb2 O-O 9. Bd3 Ng6 10. O-O Nc6 11. Re1 f6 12. exf6 gxf6 13. c4 Nf4 14. Bf1 a5 15. g3 Ng6 16. cxd5 exd5 17. Nc3 axb4 18. Nxd5 bxa3 19. Bxa3 Rf7 20. Nxb6 Qxb6 21. Bc4 Bg4 22. Bxf7+ Kxf7 23. Ng5+ fxg5 24. Qxg4 Nce5 25. Qf5+ Qf6 26. Qxf6+ Kxf6 27. Bb2 Re8 28. Ra5 Kf5 29. f3 h5 30. Kg2 Re7 31. Rb5 h4 32. Ra5 Re6 33. Rb5 b6 34. Kf2 Kf6 35. Kg2 hxg3 36. hxg3 Kf5 37. Kh3 Re7 38. Kg2 Re6 39. Kf2 Re7 40. Rxb6 Nd3+ 41. Kg2 Nxe1+ 42. Kf1 Nxf3 43. Rf6+ Kg4 44. Rxg6 Re1+ 45. Kf2 Rh1 46. Rf6 Rh2+ 47. Ke3 Rxb2 48. Ke4 Re2+ 49. Kd3 Rg2 50. Ke3 Rxg3 0-1


[Site "https://www.chess.com"]

[Event "Titled Tuesday Blitz December 7 2021"]
[White "Stoyanov, Tsvetan"]
[Black "Bacrot, Etienne"]
[WhiteFideId "2917173"]
[BlackFideId "605506"]
[WhiteElo "2191"]
[BlackElo "2673"]
[Result "1/2-1/2"]
[Round "07"]
[TimeControl "180+1"]
[Date "2021.12.07"]
[WhiteClock "0:00:10"]
[BlackClock "0:00:18"]

1. e4 d5 2. exd5 Qxd5 3. Nf3 Nc6 4. Nc3 Qa5 5. d4 Nf6 6. h3 Bf5 7. Bc4 e6 8. O-O Bb4 9. Bd2 O-O-O 10. a3 Bxc3 11. Bxc3 Qb6 12. a4 a5 13. Qe2 Be4 14. Ne5 Rhf8 15. Nxc6 Bxc6 16. b4 Ne4 17. bxa5 Nxc3 18. axb6 Nxe2+ 19. Bxe2 cxb6 20. c3 Kc7 21. a5 Ra8 22. axb6+ Kxb6 23. Rfb1+ Kc7 24. Kf1 Rfd8 25. f4 Be4 26. Rc1 h6 27. Kf2 g5 28. fxg5 hxg5 29. Bf3 Bxf3 30. Kxf3 f5 31. g4 Rxa1 32. Rxa1 Rh8 33. Kg3 Kd6 34. Rb1 Rc8 35. Rb3 Rc6 36. gxf5 exf5 37. h4 gxh4+ 38. Kxh4 Kd5 39. Kg5 Ke4 40. Rxb7 Rxc3 41. Re7+ Kxd4 42. Kxf5 Rf3+ 43. Ke6 Re3+ 44. Kd7 Rxe7+ 45. Kxe7 1/2-1/2


[Site "https://www.chess.com"]